 Dungeon Crawl Stone Soup version 0.20.0-15-g7f486f2 (webtiles) character file.

140947 greprep the Severer (level 16, -11/152 HPs)
             Began as a Minotaur Fighter on June 16, 2017.
             Was an Initiate of Gozag.
             Hit by a javelin thrown by a merfolk javelineer (25 damage)
             ... on level 4 of the Shoals.
             The game lasted 01:27:05 (32390 turns).

greprep the Severer (Minotaur Fighter)             Turns: 32390, Time: 01:27:09

Health: -11/152    AC: 30    Str: 46    XL:     16   Next: 77%
Magic:  15/15      EV: 14    Int: 11    God:    Gozag
Gold:   3621       SH: 14    Dex: 15    Spells: 15/15 levels left

rFire    . . .     SeeInvis .   U - +7 war axe "Ycwyn" {protect, +Inv MR+++ Str+4 Int-2}
rCold    . . .     Gourm    .   P - +3 buckler {reflect}
rNeg     . . .     Faith    .   d - +6 plate armour of Diq Omig {+Inv rElec Str+3}
rPois    +         Spirit   .   (helmet restricted)
rElec    +         Reflect  +   o - +0 cloak
rCorr    .         Harm     .   c - +2 pair of gloves
MR       ++++.     Rnd*Tele +   F - +0 pair of boots of Guvofy {rElec Str+3 Dex+4}
Stlth    ..........             K - +3 amulet of reflection
Regen    0.4/turn               e - ring of the Slug {Str+4 Dex+2 Slay+2 Stlth+}
MPRegen  0.2/turn               y - ring of Creativity {rPois Str+5 Int+8 Dex-2 Slay+4}

@: about to teleport, gold aura
A: retaliatory headbutt, horns 2, electricity resistance, teleportitis 1
a: Potion Petition, Call Merchant, Bribe Branch, Renounce Religion, Evoke
Invisibility


You were on level 4 of the Shoals.
You worshipped Gozag.
Gozag was most pleased with you.
You were not hungry.

You visited 4 branches of the dungeon, and saw 27 of its levels.
You also visited: Labyrinth, Ossuary, Bailey, Ice Cave and Volcano.

You collected 11241 gold pieces.
You spent 7153 gold pieces at shops.
You paid 467 gold pieces to Gozag.

Inventory:

Hand Weapons
 i - the +9 dire flail of Eternal Vigilance {crush, -Tele +Inv Dex+3}
   (You bought it in a shop on level 2 of the Orcish Mines)

   It inflicts extra damage upon your enemies.
   It affects your dexterity (+3).
   It lets you turn invisible.
   It prevents most forms of teleportation.
 U - the +7 war axe "Ycwyn" (weapon) {protect, +Inv MR+++ Str+4 Int-2}
   (You bought it in a shop on level 10 of the Dungeon)

   It protects the one who uses it against injury (+AC on strike).
   It affects your strength (+4).
   It affects your intelligence (-2).
   It affects your resistance to hostile enchantments.
   It lets you turn invisible.
Armour
 c - a +2 pair of gloves (worn)
 d - the +6 plate armour of Diq Omig (worn) {+Inv rElec Str+3}
   (You bought it in a shop on level 12 of the Dungeon)

   It affects your strength (+3).
   It insulates you from electricity.
   It lets you turn invisible.
 o - a +0 cloak (worn)
 F - the +0 pair of boots of Guvofy (worn) {rElec Str+3 Dex+4}
   (You bought it in a shop on level 2 of the Dungeon)

   It affects your strength (+3).
   It affects your dexterity (+4).
   It insulates you from electricity.
 P - a +3 buckler of reflection (worn)
Jewellery
 e - the ring of the Slug (left hand) {Str+4 Dex+2 Slay+2 Stlth+}
   (You found it on level 4 of the Lair of Beasts)

   [ring of dexterity]

   It affects your strength (+4).
   It affects your dexterity (+2).
   It affects your accuracy and damage with ranged weapons and melee attacks
   (+2).
   It makes you more stealthy.
 m - an uncursed ring of protection from magic
 r - an uncursed amulet of regeneration
 v - an uncursed ring of protection from cold
 y - the ring of Creativity (right hand) {rPois Str+5 Int+8 Dex-2 Slay+4}
   (You bought it in a shop on level 2 of the Orcish Mines)

   [ring of strength]

   It affects your strength (+5).
   It affects your intelligence (+8).
   It affects your dexterity (-2).
   It affects your accuracy and damage with ranged weapons and melee attacks
   (+4).
   It protects you from poison.
 G - an uncursed ring of flight
 J - an uncursed ring of protection from fire
 K - a +3 amulet of reflection (around neck)
 Q - a +3 ring of strength {unknown}
 S - an uncursed ring of resist corrosion
Wands
 a - a wand of acid (7/15)
 D - a wand of disintegration (9/24)
 T - a wand of digging (2/24)
 X - a wand of digging (12/24)
 Y - a wand of polymorph (9/24)
 Z - a wand of digging (5/24)
Scrolls
 h - 2 scrolls of recharging
 k - 4 scrolls of enchant weapon
 n - 7 scrolls of fear
 p - 3 scrolls of remove curse
 q - a scroll of magic mapping
 C - 11 scrolls of teleportation
 H - 4 scrolls of identify
 L - 6 scrolls of blinking
 M - 2 scrolls of enchant armour
 O - a scroll of brand weapon {unknown}
 R - 6 scrolls of fog
Potions
 b - 3 potions of might
 g - 6 potions of agility
 s - 14 potions of curing
 t - 4 potions of lignification
 w - 3 potions of berserk rage
 x - a potion of ambrosia
 A - 8 potions of flight
 B - 3 potions of resistance
 E - a potion of brilliance
 V - a potion of invisibility
 W - 2 potions of magic
Comestibles
 f - 21 bread rations
 l - a meat ration
 u - 8 fruits
 I - 7 royal jellies


   Skills:
 + Level 16.5 Fighting
 + Level 19.1 Axes
 * Level 16.5 Armour
 + Level 6.9 Dodging
 + Level 17.1 Shields
 - Level 1.0 Evocations


You had 15 spell levels left.
You didn't know any spells.

Dungeon Overview and Level Annotations

Branches:
Dungeon (15/15)            Temple (0/1) D:4            Lair (6/6) D:9
 Shoals (4/4) Lair:2       Spider (0/4) Lair:4        Slime (0/5) Lair:5
    Orc (2/2) D:9             Elf (0/3) Orc:2        Vaults (0/5) D:13
 Depths (0/5) D:15

Altars:
Dithmenos
Gozag
Kikubaaqudgha
Okawaru
Ru
Sif Muna
Trog
Uskayaw
Vehumet
Zin
Beogh

Shops:
D:2 *   D:4 !   D:5 *   D:10 (   D:12 [   Orc:2 =([(([:   Shoals:1 !

Annotations:
Lair:5 1 runed door
Shoals:4 Ilsuiw


Innate Abilities, Weirdness & Mutations

You reflexively headbutt those who attack you in melee.
You have a pair of horns on your head.
You are resistant to electric shocks. (rElec)
You are occasionally teleported next to monsters.


Message History

You feel magically purged.
You feel less wooden.
Your +0 cloak unmelds from your body.
Your +2 pair of gloves unmelds from your body.
The +0 pair of boots of Guvofy {rElec Str+3 Dex+4} unmelds from your body.
The +6 plate armour of Diq Omig {+Inv rElec Str+3} unmelds from your body.
You feel less invigorated.
You feel yourself slow down.
You feel less confused.
The merfolk impaler hits you from afar with a trident of distortion!
* * * LOW HITPOINT WARNING * * *
You feel strangely unstable.
The merfolk impaler hits you but does no damage.
The merfolk javelineer throws a javelin.
You reflect the javelin off your +3 buckler of reflection!
The javelin hits the merfolk javelineer!
You hear a splash.
The merfolk javelineer throws a javelin.
The javelin hits you!!
You die...
Your body crumbles into a pile of gold.

≈≈≈.≈#≈≈≈#≈....≈≈≈≈
.≈≈≈≈≈#≈#≈....≈≈≈≈≈
≈≈≈≈≈≈≈≈≈.....≈≈≈≈≈
≈≈≈≈≈≈≈≈(≈...≈≈≈≈≈≈
#.≈≈≈≈≈≈≈≈≈≈≈≈≈≈≈≈≈
##≈≈≈≈≈≈mm≈≈≈≈≈≈≈≈≈
..≈≈≈≈≈m≈≈≈≈$≈≈≈≈≈≈
≈≈≈≈≈≈...m≈(≈≈≈≈≈≈≈
≈≈≈≈≈≈≈@(.≈≈≈≈≈≈≈≈≈
≈≈≈≈≈≈≈.≈≈≈≈≈≈≈≈≈≈≈
≈≈≈≈≈≈≈≈≈≈≈≈≈≈≈≈≈≈.
≈≈≈≈≈≈≈(≈≈≈≈≈≈c≈≈≈.
≈≈≈≈≈≈≈≈≈≈≈≈≈≈≈≈≈≈≈
≈≈≈≈≈≈≈≈≈≈≈≈≈≈≈≈≈≈≈
≈≈≈≈≈≈≈≈≈≈≈≈≈≈≈≈≈≈≈≈≈(
≈≈
≈≈.≈≈≈≈≈..$≈≈≈.≈≈≈≈≈
≈.. ...≈..........≈


You could see 2 merfolk impalers, 2 merfolk javelineers and a satyr.

Vanquished Creatures
  Agnes (D:15)
  A frost giant (IceCv)
  An orc warlord (Orc:2)
  Aizul (Shoals:1)
  The ghost of Oozefury the Martial Artist, a journeyman DsMo of Cheibriados (Orc:2)
  A red draconian (Volcano)
  Snorg (D:12)
  A merfolk javelineer (Shoals:4)
  A minotaur (Lab)
  6 merfolk impalers
  A fire dragon (Lair:6)
  4 hydras
  A rakshasa (D:15)
  4 merfolk avatars
  7 merfolk aquamancers
  9 two-headed ogres
  3 centaur warriors
  8 death yaks
  An ogre mage (Volcano)
  An orc high priest (Orc:2)
  Nergalle (Lair:2)
  5 sea snakes
  An unseen horror (shapeshifter) (D:15)
  A wizard (D:13)
  A glowing orange brain (D:15)
  4 unseen horrors
  A harpy (Shoals:4)
  4 orc knights
  A necromancer (D:13)
  A lindwurm (Lair:6)
  3 deep elf magi
  16 fauns
  5 cyclopes
  A cyclops (shapeshifter) (D:15)
  9 manticores
  9 ugly things
  4 oklob plants (Lair:6)
  3 orc sorcerers
  8 merfolk sirens
  5 elephants (Lair:6)
  A guardian serpent (shapeshifter) (D:7)
  3 water nymphs
  2 centaur zombies
  An ice statue (IceCv)
  Maurice (D:12)
  9 black mambas
  7 torpor snails
  2 gargoyles
  Joseph (D:8)
  Psyche (D:8)
  7 spiny frogs
  7 komodo dragons
  5 rime drakes
  A freezing wraith (D:15)
  4 red devils (D:15)
  4 tyrant leeches (Lair:6)
  7 hornets (Lair:6)
  8 trolls
  4 wind drakes
  26 merfolk
  Grinder (D:5)
  17 hippogriffs
  20 polar bears
  12 slime creatures
  8 blink frogs (Lair:4)
  3 dream sheep
  2 meliai zombies
  2 snapping turtles (Shoals:1)
  A redback (Lair:4)
  Sigmund (D:6)
  45 yaks
  A wraith (D:15)
  6 wyverns
  5 vampires
  Eustachio (D:5)
  10 water elementals
  3 hogs (D:9)
  A human (D:9)
  4 fire bats (Lair:5)
  2 shadows
  2 basilisks
  6 hungry ghosts
  Edmund (D:6)
  12 water moccasins
  7 wargs
  An acid dragon (D:13)
  9 porcupines
  3 ice beasts
  31 orc warriors
  A hornet zombie (D:10)
  A sky beast (D:14)
  4 black bears
  9 ogres
  3 phantoms
  The ghost of Paps the Skirmisher, an amateur DsBe of Trog (D:3)
  16 wolves
  2 eyes of draining
  9 centaurs
  13 crocodiles
  2 big kobolds
  A wyvern zombie (D:10)
  Blork the orc (D:5)
  17 bullfrogs
  A gnoll sergeant (D:10)
  3 water moccasin zombies (Ossuary)
  3 scorpions
  10 killer bees
  2 electric eels (Lair:6)
  8 wights
  5 howler monkeys
  3 crimson imps
  2 quasits (D:10)
  5 hounds
  3 jellies
  24 orc priests
  29 orc wizards
  A bullfrog skeleton (D:4)
  6 centaur skeletons
  3 iguanas
  11 worker ants
  2 big kobold zombies (Ossuary)
  A hound zombie (D:7)
  A hound skeleton (D:4)
  3 mummies
  2 worker ant zombies
  14 gnolls
  17 adders
  5 shadow imps
  8 adder zombies
  A worm (D:2)
  2 dart slugs
  4 leopard geckos
  107 orcs
  6 giant cockroaches
  A gnoll zombie (Ossuary)
  11 goblins
  12 hobgoblins
  4 jackals
  5 quokkas
  A ball python (D:2)
  12 bats
  6 frilled lizards
  6 hobgoblin zombies (Ossuary)
  A jackal zombie (D:5)
  17 kobolds
  3 kobold zombies (Ossuary)
  2 leopard gecko skeletons
  A leopard gecko zombie (D:5)
  6 orc zombies (Ossuary)
  5 rats
  A fungus (Lair:3)
  11 plants
932 creatures vanquished.

Vanquished Creatures (others)
  A faun (Shoals:2)
  A cyclops (D:15)
  2 polar bears (IceCv)
  A yak (IceCv)
  7 wolves (IceCv)
  A centaur (D:15)
  2 kobolds (Bailey)
  5 fungi
  13 plants
  8 toadstools (Lair:5)
41 creatures vanquished.

Grand Total: 973 creatures vanquished

Notes
Turn   | Place    | Note
-------+----------+-------------------------------------------
     0 | D:1      | greprep the Minotaur Fighter began the quest for the Orb.
     0 | D:1      | Reached XP level 1. HP: 19/19 MP: 0/0
   361 | D:1      | Reached XP level 2. HP: 27/27 MP: 1/1
   703 | D:2      | Found an opulent altar of Gozag.
   796 | D:2      | Found Gozag's Platinum Reserve.
   801 | D:2      | Reached skill level 3 in Axes
   809 | D:2      | Reached XP level 3. HP: 21/33 MP: 2/2
   968 | D:2      | Became a worshipper of Gozag Ym Sagoz the Greedy
  1542 | D:2      | Reached XP level 4. HP: 40/40 MP: 3/3
  1866 | D:3      | Found a faded altar of an unknown god.
  1885 | D:3      | You fall through a shaft!
  1893 | D:3      | Noticed Paps's ghost (amateur DsBe)
  1925 | D:3      | Killed Paps's ghost
  1925 | D:3      | Reached skill level 4 in Axes
  1925 | D:3      | Reached XP level 5. HP: 26/46 MP: 4/4
  2122 | D:3      | Found a bloodstained altar of Trog.
  2126 | D:3      | Reached skill level 1 in Dodging
  2385 | D:3      | Found a bloodstained altar of Trog.
  2519 | D:3      | Reached skill level 5 in Shields
  2818 | D:4      | Found Poujouh's Distillery.
  2826 | D:4      | Bought a potion of curing for 33 gold pieces
  2826 | D:4      | Bought a potion of heal wounds for 55 gold pieces
  2826 | D:4      | Bought a potion of haste for 110 gold pieces
  2826 | D:4      | Bought a potion of might for 44 gold pieces
  2826 | D:4      | Bought a potion of degeneration for 11 gold pieces
  2826 | D:4      | Bought a potion of flight for 33 gold pieces
  2826 | D:4      | Bought a potion of lignification for 33 gold pieces
  2893 | D:4      | Reached skill level 5 in Axes
  2893 | D:4      | Reached XP level 6. HP: 50/53 MP: 5/5
  2967 | D:4      | Reached skill level 5 in Armour
  3468 | D:4      | Found a staircase to the Ecumenical Temple.
  3705 | D:5      | Entered Level 5 of the Dungeon
  3764 | D:5      | Found Bocoanti's General Store.
  3770 | D:5      | Bought a scroll of enchant armour for 97 gold pieces
  3888 | D:5      | Found a sand-covered staircase.
  3983 | Ossuary  | Entered an ossuary
  4032 | Ossuary  | Reached XP level 7. HP: 55/60 MP: 6/6
  4035 | Ossuary  | Reached skill level 6 in Axes
  4165 | Ossuary  | Reached skill level 7 in Axes
  4299 | D:5      | Noticed Eustachio
  4325 | D:5      | Killed Eustachio
  4325 | D:5      | Reached skill level 5 in Fighting
  4366 | D:5      | Found a shadowy altar of Dithmenos.
  4374 | D:5      | Noticed Grinder
  4385 | D:5      | Killed Grinder
  4385 | D:5      | Reached skill level 8 in Axes
  4385 | D:5      | Reached XP level 8. HP: 58/68 MP: 7/7
  4485 | D:5      | Noticed Blork the orc
  4491 | D:5      | Killed Blork the orc
  4703 | D:6      | Noticed Sigmund
  4712 | D:6      | Killed Sigmund
  5221 | D:6      | Noticed Edmund
  5250 | D:6      | Killed Edmund
  5250 | D:6      | Reached skill level 9 in Axes
  5403 | D:6      | Found a sacrificial altar of Ru.
  6012 | D:7      | Reached XP level 9. HP: 74/75 MP: 8/8
  6174 | D:7      | Found a glowing silver altar of Zin.
  6226 | D:7      | Found a hide-covered altar of Uskayaw.
  6229 | D:7      | Noticed a meliai
  6231 | D:7      | Found a transporter.
  6232 | D:7      | a meliai changed into a hippogriff
  6242 | D:7      | Noticed a cyclops
  6242 | D:7      | a hippogriff changed into a cyclops
  6256 | D:7      | Found a transporter.
  6281 | D:7      | Reached skill level 10 in Axes
  6324 | D:7      | Noticed a spiny frog
  6324 | D:7      | a cyclops changed into a spiny frog
  6337 | D:7      | Noticed a guardian serpent
  6337 | D:7      | a spiny frog changed into a guardian serpent
  6343 | D:7      | Killed a guardian serpent
  6706 | D:8      | Noticed Joseph
  6717 | D:8      | Killed Joseph
  6717 | D:8      | Reached skill level 11 in Axes
  6847 | D:8      | Noticed a troll
  6872 | D:8      | Killed a troll
  7083 | D:8      | Noticed Psyche
  7095 | D:8      | Killed Psyche
  7454 | D:9      | Reached XP level 10. HP: 86/86 MP: 9/9
  7513 | D:9      | Found an iron altar of Okawaru.
  7892 | D:9      | Noticed a two-headed ogre
  8008 | D:9      | Killed a two-headed ogre
  8008 | D:9      | Reached skill level 12 in Axes
  8326 | D:9      | Found a staircase to the Lair.
  8569 | D:9      | Found a staircase to the Orcish Mines.
  8828 | D:9      | Reached XP level 11. HP: 73/95 MP: 10/10
  8904 | D:9      | Found an ancient bone altar of Kikubaaqudgha.
  8918 | D:9      | Found a deep blue altar of Sif Muna.
  8919 | D:9      | Found a radiant altar of Vehumet.
  8921 | D:9      | Identified Kikubaaqudgha's Tome of Darkness
  8958 | D:10     | Entered Level 10 of the Dungeon
  9105 | D:10     | Reached skill level 13 in Axes
  9598 | D:10     | Reached skill level 10 in Shields
  9602 | D:10     | Reached skill level 5 in Dodging
  9711 | D:10     | Found Qygiul's Weapon Emporium.
  9717 | D:10     | Bought the +7 war axe "Ycwyn" {protect, +Inv MR+++ Str+4 Int-2} for 754 gold pieces
 10322 | D:11     | Found a flagged portal.
 10346 | Bailey   | Entered a bailey
 10376 | Bailey   | Noticed an orc knight
 10503 | Bailey   | Killed an orc knight
 11301 | D:11     | Noticed a brown ugly thing
 11307 | D:11     | Killed a brown ugly thing
 11378 | D:11     | Noticed a two-headed ogre
 11383 | D:11     | Killed a two-headed ogre
 11685 | D:11     | Reached skill level 14 in Axes
 11992 | D:12     | Noticed Maurice
 11999 | D:12     | Killed Maurice
 12161 | D:12     | Got a dull robe
 12172 | D:12     | Identified the cursed -5 robe of Misfortune {-Cast *Contam *Tele *Drain EV-5 Stlth-- *Curse} (You found it on level 12 of the Dungeon)
 12193 | D:12     | Gained mutation: You are resistant to electric shocks. (rElec) [mutagenic glow]
 12215 | D:12     | Reached skill level 10 in Fighting
 12646 | D:12     | Noticed Snorg
 12648 | D:12     | Reached skill level 10 in Armour
 12662 | D:12     | Killed Snorg
 12662 | D:12     | Reached XP level 12. HP: 67/106 MP: 11/11
 12750 | D:12     | Noticed a two-headed ogre
 13025 | D:12     | Killed a two-headed ogre
 13134 | D:12     | Found Ocvolac's Antique Armour Shop.
 13184 | D:12     | Bought a steaming plate armour for 700 gold pieces
 13194 | D:12     | Identified the +6 plate armour of Diq Omig {+Inv rElec Str+3} (You bought it in a shop on level 12 of the Dungeon)
 13194 | D:12     | Bought an encrusted ring mail for 225 gold pieces
 13204 | D:12     | Identified the +4 ring mail "Cywnewit" {MR+ Dex+4} (You bought it in a shop on level 12 of the Dungeon)
 13319 | D:12     | Noticed a centaur warrior
 13324 | D:12     | Killed a centaur warrior
 13609 | D:13     | Reached skill level 15 in Axes
 13784 | D:13     | Found a gate to the Vaults.
 13784 | D:13     | Noticed a two-headed ogre
 13788 | D:13     | Killed a two-headed ogre
 14864 | D:14     | Noticed a six-headed hydra
 14868 | D:14     | Noticed a centaur warrior
 14876 | D:14     | Killed a ten-headed hydra
 14884 | D:14     | Killed a centaur warrior
 15095 | D:14     | Reached skill level 16 in Axes
 15278 | D:14     | Reached XP level 13. HP: 78/116 MP: 12/12
 16298 | D:15     | Entered Level 15 of the Dungeon
 16551 | D:15     | Noticed Agnes
 16567 | D:15     | Killed Agnes
 17452 | D:15     | Found a staircase to the Depths.
 18278 | D:15     | Reached skill level 17 in Axes
 18370 | D:15     | Reached XP level 14. HP: 125/129 MP: 13/13
 18566 | Lair:1   | Entered Level 1 of the Lair of Beasts
 19208 | Lair:1   | Got a transparent leather armour
 19219 | Lair:1   | Identified the +1 leather armour of the Dolphin {rPois rF- Regen+ Dex+4} (You found it on level 1 of the Lair of Beasts)
 19515 | Lair:2   | Found a staircase to the Shoals.
 19699 | Lair:2   | Noticed Nergalle
 19715 | Lair:2   | Killed Nergalle
 20076 | Lair:3   | Found a labyrinth entrance.
 20108 | Lab      | Entered a labyrinth
 21084 | Lab      | Got a steaming ring mail
 21101 | Lab      | Identified the +1 ring mail of Intercession {rPois} (You took it off a minotaur in a labyrinth)
 21989 | Lair:4   | Found a frozen archway.
 22008 | IceCv    | Entered an ice cave
 22627 | IceCv    | Noticed a frost giant
 22649 | IceCv    | Reached skill level 1 in Evocations
 22661 | IceCv    | Killed a frost giant
 22942 | Lair:4   | Found a hole to the Spider Nest.
 23113 | Lair:4   | Got a fine bone ring
 23115 | Lair:4   | Identified the ring of the Slug {Str+4 Dex+2 Slay+2 Stlth+} (You found it on level 4 of the Lair of Beasts)
 23762 | Lair:5   | Got an ichor-stained bardiche
 23768 | Lair:5   | Identified the cursed +1 bardiche of Eklo {chop, rElec} (You found it on level 5 of the Lair of Beasts)
 23893 | Lair:5   | Found a runed door.
 23990 | Lair:5   | Reached XP level 15. HP: 119/139 MP: 14/14
 24225 | Lair:5   | Found a staircase to the Slime Pits.
 24665 | D:2      | Bought the cursed +0 pair of boots of Guvofy {rElec Str+3 Dex+4} for 3020 gold pieces
 24906 | Lair:6   | Entered Level 6 of the Lair of Beasts
 24935 | Lair:6   | Found a sacrificial altar of Ru.
 24960 | Lair:6   | Reached skill level 15 in Shields
 24981 | Lair:6   | Reached skill level 18 in Axes
 25026 | Lair:6   | Found a runed door.
 25145 | Lair:6   | Paralysed by a hornet for 1 turns
 25367 | Lair:6   | Paralysed by a hornet for 1 turns
 26942 | Orc:1    | Entered Level 1 of the Orcish Mines
 26978 | Orc:1    | Found a dark tunnel.
 26985 | Volcano  | Entered a volcano
 27238 | Volcano  | Reached skill level 15 in Fighting
 27238 | Volcano  | Reached skill level 15 in Armour
 27576 | Orc:1    | Found a roughly hewn altar of Beogh.
 27762 | Orc:2    | Entered Level 2 of the Orcish Mines
 27827 | Orc:2    | Found a roughly hewn altar of Beogh.
 27861 | Orc:2    | Noticed Oozefury's ghost (journeyman DsMo)
 27880 | Orc:2    | Killed Oozefury's ghost
 27986 | Orc:2    | Found Ucidujil's Jewellery Shop.
 27995 | Orc:2    | Bought the ring of Creativity {rPois Str+5 Int+8 Dex-2 Slay+4} for 1063 gold pieces
 28157 | Orc:2    | Found a roughly hewn altar of Beogh.
 28207 | Orc:2    | Found Beomeris's Antique Weapon Boutique.
 28229 | Orc:2    | Found Kuviul Ilisch's Book Shop.
 28243 | Orc:2    | Found a roughly hewn altar of Beogh.
 28244 | Orc:2    | Found Woenuaw's Antique Weapon Boutique.
 28371 | Orc:2    | Found a roughly hewn altar of Beogh.
 28437 | Orc:2    | Found a staircase to the Elven Halls.
 28529 | Orc:2    | Found Uneov's Gadget Emporium.
 28681 | Orc:2    | Found a roughly hewn altar of Beogh.
 28766 | Orc:2    | Noticed an orc warlord
 28778 | Orc:2    | Killed an orc warlord
 28794 | Orc:2    | Found a roughly hewn altar of Beogh.
 28794 | Orc:2    | Found Kuotuoh's Antique Armour Shoppe.
 28799 | Orc:2    | Found Dezu's Antique Weapon Emporium.
 28824 | Orc:2    | Bought a polished chain mail for 199 gold pieces
 28834 | Orc:2    | Identified the +1 chain mail of the Hidden Vale {*Contam rC+ Dex+4 Stlth+} (You bought it in a shop on level 2 of the Orcish Mines)
 28850 | Orc:2    | Gained mutation: You are occasionally teleported next to monsters. [mutagenic glow]
 28957 | Orc:2    | Bought a transparent dire flail for 216 gold pieces
 28965 | Orc:2    | Identified the +9 dire flail of Eternal Vigilance {crush, -Tele +Inv Dex+3} (You bought it in a shop on level 2 of the Orcish Mines)
 29004 | Orc:2    | Bought a translucent ring mail for 270 gold pieces
 29014 | Orc:2    | Identified the cursed +1 ring mail of Freedom {Str+4} (You bought it in a shop on level 2 of the Orcish Mines)
 29177 | Shoals:1 | Entered Level 1 of the Shoals
 29550 | Shoals:1 | Reached XP level 16. HP: 141/150 MP: 15/15
 29607 | Shoals:1 | Noticed Aizul
 29618 | Shoals:1 | Killed Aizul
 29762 | Shoals:1 | Found Dyolub's Distillery.
 29777 | Shoals:1 | Bought 2 potions of might for 80 gold pieces
 29777 | Shoals:1 | Bought a potion of heal wounds for 50 gold pieces
 29777 | Shoals:1 | Bought 2 potions of ambrosia for 160 gold pieces
 30644 | Shoals:2 | Reached skill level 19 in Axes
 32218 | Shoals:4 | Entered Level 4 of the Shoals
 32376 | Shoals:4 | Noticed Ilsuiw
 32390 | Shoals:4 | Hit by a javelin thrown by a merfolk javelineer

Skill      XL: |  1  2  3  4  5  6  7  8  9 10 11 12 13 14 15 16 |
---------------+-------------------------------------------------+-----
Shields        | 4 5 6 7 8 9 11 13 14 16 17 | 17.1
Armour         | 4 5 6 8 9 10 11 12 13 15 16 | 16.5
Axes           | 3 4 5 8 9 11 12 14 16 17 18 19 | 19.1
Fighting       | 4 5 6 7 8 10 11 13 14 15 16 | 16.5
Dodging        | 1 2 3 4 6 |  6.9
Evocations     | 1 |  1.0

Action                   |  1- 3 |  4- 6 |  7- 9 | 10-12 | 13-15 | 16-18 || total
-------------------------+-------+-------+-------+-------+-------+-------++-------
Melee: War axe           |   104 |   157 |   325 |   640 |  1158 |   301 ||  2685
       Headbutt          |     7 |    37 |    69 |   144 |   342 |    70 ||   669
Invok: Potion Petition   |     1 |       |       |       |       |       ||     1
       Call Merchant     |       |       |       |       |     1 |       ||     1
 Abil: Evoke Flight      |       |       |       |     2 |       |       ||     2
Evoke: Wand              |       |       |       |       |    10 |       ||    10
  Use: Potion            |       |     1 |     3 |     7 |     7 |     5 ||    23
       Scroll            |       |       |     9 |     5 |    23 |       ||    37
 Stab: Distracted        |       |       |     1 |     7 |    12 |       ||    20
  Eat: Royal jelly       |     1 |       |       |     2 |     4 |       ||     7
       Fruit             |       |     3 |     3 |     2 |    14 |     1 ||    23
       Meat ration       |       |     1 |       |     4 |     5 |     2 ||    12
       Bread ration      |       |       |     2 |     1 |       |       ||     3
Armor: Scale mail        |    44 |    49 |   102 |   157 |       |       ||   352
       Plate armour      |       |       |       |   100 |   409 |   140 ||   649
       Fire dragon scale |       |       |       |       |    32 |       ||    32
       Skin              |       |       |       |       |       |     5 ||     5
Dodge: Dodged            |    23 |    47 |    89 |   274 |   354 |   117 ||   904
Block: Shield            |    48 |    90 |   174 |   146 |       |       ||   458
       Buckler           |       |       |       |   161 |   580 |   196 ||   937
       Reflection        |       |       |       |    20 |    37 |    42 ||    99
